 Dungeon Crawl Stone Soup version 0.31-a0-237-g2d982f9f85 (webtiles) character file.

Game seed: 18108360967999911555

38 qw the Shooter (level 3, 0/29 HPs)
             Began as a Minotaur Hexslinger on July 10, 2023.
             Slain by a hobgoblin
             ... wielding a +0 club
             ... led by Robin
              (2 damage)
             ... on level 2 of the Dungeon.
             The game lasted 00:00:19 (626 turns).

qw the Shooter (Minotaur Hexslinger)                 Turns: 626, Time: 00:00:20

Health: 0/29       AC:  2    Str: 12    XL:     3   Next: 25%
Magic:  3/3        EV: 12    Int: 10    God:
Gold:   39         SH:  0    Dex: 14    Spells: 3/4 levels left

rFire   . . .        Y - +2 sling
rCold   . . .        (no shield)
rNeg    . . .        c - +0 robe
rPois   .            (helmet restricted)
rElec   .            (no cloak)
rCorr   .            (no gloves)
SInv    .            (no boots)
Will    .....        (no amulet)
Stlth   +            (no ring)
HPRegen 0.24/turn    (no ring)
MPRegen 0.08/turn

%: no passive effects
@: no status effects
A: horns 2, retaliatory headbutt
a: no special abilities


You were on level 2 of the Dungeon.
You visited 1 branch of the dungeon, and saw 2 of its levels.

You collected 39 gold pieces.


Innate Abilities, Weirdness & Mutations

You have a pair of horns on your head.
You reflexively headbutt those who attack you in melee.


   Skills:
 - Level 2.0 Fighting
 + Level 3.8 Ranged Weapons
 - Level 2.1 Dodging
 - Level 1.0 Spellcasting
 - Level 2.0 Hexes


You had 3 spell levels left.
You knew the following spells:

 Your Spells              Type           Power      Damage    Failure   Level
a - Slow                  Hex            16%        N/A       16%         1

Your spell library contained the following spells:

 Spells                   Type           Power      Damage    Failure   Level
 Inner Flame              Hex/Fire       2%         N/A       56%         3
 Portal Projectile        Hex/Tloc       4%         N/A       56%         3
 Cause Fear               Hex            2%         N/A       83%         4

Inventory:

Hand Weapons
 Y - a +2 sling (weapon)
Armour
 c - a +0 robe (worn)
Scrolls
 b - a scroll of poison
Potions
 d - a potion of cancellation {unknown}
 f - 2 potions of attraction {unknown}
 h - a potion of curing {unknown}

Dungeon Overview and Level Annotations

Branches:
Dungeon (2/15)

Altars:

Annotations:
D:2 Robin


Message History

You shoot a sling bullet. The sling bullet misses the goblin.
Your bat hits the goblin.
Your bat closely misses the goblin.
The goblin closely misses you. The hobgoblin completely misses you.
The goblin misses you.
A hobgoblin comes into view. It is wielding a +0 club.
Robin roars a battlecry!
The goblin goes into a battle-frenzy!
You shoot a sling bullet.
The sling bullet closely misses the goblin.
The hobgoblin no longer looks unusually strong. x2
The goblin no longer looks unusually strong.
Your bat hits the goblin.
Your endoplasm closely misses the hobgoblin.
The hobgoblin hits you. The goblin barely misses you.
The goblin closely misses you.
You shoot a sling bullet. The sling bullet hits the goblin!
You kill the goblin!
Your bat hits the hobgoblin but does no damage.
Your bat hits Robin but does no damage.
Your endoplasm hits the hobgoblin but does no damage.
The hobgoblin hits you.
A hobgoblin comes into view.
The goblin hits you with a +0 club. The hobgoblin misses you.
Your endoplasm hits the hobgoblin.
A goblin comes into view. It is wielding a +0 club.
The goblin closely misses you. You furiously retaliate!
You headbutt the goblin.
You kill the goblin!
You shoot a sling bullet. The sling bullet hits the hobgoblin.
You kill the hobgoblin!
Your bat misses the hobgoblin.
Your endoplasm barely misses the hobgoblin.
The hobgoblin closely misses you. Robin hits you with a +0 club.
The hobgoblin hits your endoplasm.
A bat comes into view.
You shoot a sling bullet. The sling bullet closely misses Robin.
The sling bullet hits the hobgoblin but does no damage.
Your bat hits the hobgoblin but does no damage. x2
Your bat hits the hobgoblin. Your endoplasm hits the hobgoblin.
The hobgoblin hits you with a +0 club.
You die... ......# . ..... .. ..... .. gb..

.##. ##..#####
....b )g.....
.....g#gg%#
#..Jg@#
......))).>.[.#
^
#####....#.%...
#.# . ####.#
###. ..#<. ..
#...# #.. ...
.# . ##


You could see Robin, 4 hobgoblins, a goblin, a bat, a friendly endoplasm
(summoned) and a friendly bat (summoned).

Vanquished Creatures
  A dart slug (D:1)
  4 bats (D:1)
  An endoplasm (D:2)
  5 goblins (D:2)
  4 hobgoblins
  3 quokkas (D:1)
  2 ball pythons (D:1)
  2 frilled lizards
  6 kobolds
  8 rats
36 creatures vanquished.

Notes
Turn   | Place    | Note
-------+----------+-------------------------------------------
     0 | D:1      | qw the Minotaur Hexslinger began the quest for the Orb.
     0 | D:1      | Reached XP level 1. HP: 16/16 MP: 1/1
     0 | D:1      | 0 ||| qw: Version: 0.3-a-52-g30416fa
     0 | D:1      | 0 ||| qw: Game counter: 5125
     0 | D:1      | 0 ||| qw: Melee chars always use a shield: true
     0 | D:1      | 0 ||| qw: God list: Okawaru
     0 | D:1      | 0 ||| qw: Allow faded altars: false
     0 | D:1      | 0 ||| qw: Do Orc after clearing Dungeon:15 true
     0 | D:1      | 0 ||| qw: Do second Lair branch before Depths: true
     0 | D:1      | 0 ||| qw: Lair rune preference: random
     0 | D:1      | 0 ||| qw: Goals: Normal
     0 | D:1      | 0 ||| PLANNING D:1-11
    36 | D:1      | 36 ||| FLEEEEING.
    37 | D:1      | 37 ||| FLEEEEING.
    38 | D:1      | 38 ||| FLEEEEING.
    39 | D:1      | 39 ||| FLEEEEING.
    40 | D:1      | 40 ||| FLEEEEING.
    41 | D:1      | 41 ||| FLEEEEING.
    42 | D:1      | 42 ||| FLEEEEING.
    55 | D:1      | Reached skill level 3 in Ranged Weapons
    64 | D:1      | Reached XP level 2. HP: 23/23 MP: 2/2
   594 | D:1      | You fall into a shaft and drop 1 floor!
   599 | D:2      | 599 ||| READING scroll labelled MUX ED ZAQUFF.
   600 | D:2      | 600 ||| READING scroll labelled OZOISCH ASUUV.
   601 | D:2      | 601 ||| READING scroll labelled GEESATZ ACUG.
   602 | D:2      | 602 ||| READING scroll labelled QESTRA QALOT.
   603 | D:2      | 603 ||| READING scroll labelled EMIOPL GEPE.
   618 | D:2      | Reached XP level 3. HP: 24/29 MP: 3/3
   620 | D:2      | Noticed Robin
   624 | D:2      | HP: 5/29 [hobgoblin[Robin] (4)]
   625 | D:2      | HP: 2/29 [Robin/+0 club (2)]
   626 | D:2      | Slain by a hobgoblin

Levels and vault maps discovered:
D:1:      tekkud_arrival_beachfront_property, layout_basic
D:2:      layout_rooms, hellmonk_ecumenical_altar_inner_sanctum, uniq_robin

Skill      XL: |  1  2 |
---------------+-------+-----
Ranged Weapons | 3 |  3.8
Fighting       | 2 |  2.0
Dodging        | |  2.1
Spellcasting   | |  1.0
Hexes          | |  2.0

Action                     || total
---------------------------++-------
   Fire: Sling             ||    88
    Use: Scroll            ||     5
 Armour: Robe              ||     9
  Dodge: Dodged            ||    23

Table legend:
 A = Non-vault XP
 B = Vault XP
 C = Vault XP percentage of total XP
 D = Non-vault monster count
 E = Vault monster count
 F = Vault count percentage of total count
                 A         B        C        D         E       F
            +---------+---------+-------+---------+---------+-------
      Total |      44 |      11 |  20.0 |      30 |       6 |  16.7
            +---------+---------+-------+---------+---------+-------
        D:1 |      33 |       0 |   0.0 |      21 |       0 |   0.0
        D:2 |      11 |      11 |  50.0 |       9 |       6 |  40.0
            +---------+---------+-------+---------+---------+-------
